 Dungeon Crawl Stone Soup version 0.28.0-45-g0d030f2227 (webtiles) character file.

Game seed: 12265120421317181423

117 MisterFreud the Covert (level 5, -2/47 HPs)
             Began as a Gnoll Delver on May 16, 2022.
             Was an Initiate of Ru.
             Slain by a scorpion (5 damage)
             ... on level 4 of the Dungeon.
             The game lasted 00:01:57 (831 turns).

MisterFreud the Covert (Gnoll Delver)                Turns: 831, Time: 00:01:58

Health: -2/47      AC:  3    Str: 12    XL:     5   Next: 1%
Magic:  6/6        EV: 13    Int: 11    God:    Ru [......]
Gold:   26         SH:  0    Dex: 13    Spells: 6/6 levels left

rFire   . . .      SeeInvis .   a - +0 short sword
rCold   . . .      Faith    .   (no shield)
rNeg    . . .      Spirit   .   b - +0 leather armour
rPois   .          Reflect  .   (no helmet)
rElec   .          Harm     .   (no cloak)
rCorr   .          Rampage  .   (no gloves)
Will    .....                   (no boots)
Stlth   ++++......              (no amulet)
HPRegen 0.15/turn               (no ring)
MPRegen 0.10/turn               (no ring)

@: hasted, very quick
A: fangs 1, strong nose, distributed training
a: Renounce Religion


You were on level 4 of the Dungeon.
You worshipped Ru.
Ru was noncommittal.
You visited 2 branches of the dungeon, and saw 4 of its levels.

You collected 26 gold pieces.

Inventory:

Hand Weapons
 a - a +0 short sword (weapon)
 h - a +0 rapier
 l - a +0 broad axe
Armour
 b - a +0 leather armour (worn)
Wands
 g - a wand of digging (3)
Scrolls
 c - a scroll of fog
 d - a scroll of magic mapping
 e - a scroll of fear
 i - a scroll of amnesia {unknown}
 k - a scroll of blinking {unknown}


   Skills:
 + Level 6.6 Fighting
 + Level 4.7 Short Blades
 + Level 1.3 Long Blades
 + Level 1.3 Axes
 + Level 1.3 Maces & Flails
 + Level 1.3 Polearms
 + Level 1.3 Staves
 + Level 1.3 Slings
 + Level 1.3 Bows
 + Level 1.3 Crossbows
 + Level 1.3 Throwing
 + Level 1.3 Armour
 + Level 4.7 Dodging
 + Level 9.6 Stealth
 + Level 1.3 Shields
 + Level 1.3 Unarmed Combat
 + Level 1.3 Spellcasting
 + Level 1.0 Conjurations
 + Level 1.0 Hexes
 + Level 1.0 Summonings
 + Level 1.0 Necromancy
 + Level 1.0 Translocations
 + Level 1.0 Transmutations
 + Level 1.0 Fire Magic
 + Level 1.0 Ice Magic
 + Level 1.0 Air Magic
 + Level 1.0 Earth Magic
 + Level 1.0 Poison Magic
 + Level 1.4 Invocations
 + Level 1.3 Evocations


You had 6 spell levels left.
You didn't know any spells.
Your spell library was empty.

Dungeon Overview and Level Annotations

Branches:
Dungeon (6/15)             Temple (1/1) D:5

Altars:
Cheibriados
Dithmenos
Elyvilon
Fedhas
Gozag
Hepliaklqana
Kikubaaqudgha
Makhleb
Nemelex Xobeh
Qazlal
Ru
Sif Muna
Trog
Uskayaw
Vehumet
Wu Jian
Xom
Yredelemnul
Zin
The Shining One


Innate Abilities, Weirdness & Mutations

You have very sharp teeth.
Your uncanny sense of smell can sniff out nearby items.
Your experience applies equally to all skills.


Message History

You hit the scorpion but do no damage.
The scorpion is lightly wounded.
You feel sick. The scorpion stings you.
You hit the scorpion.
The scorpion is lightly wounded.
You feel sick.
The scorpion stings you but does no damage.
You hit the scorpion.
The scorpion is lightly wounded.
You feel sick.
The scorpion stings you but does no damage.
You hit the scorpion. Your bite misses the scorpion.
The scorpion is moderately wounded.
You feel sick. The scorpion stings you.
You hit the scorpion but do no damage. Your bite misses the scorpion.
The scorpion is moderately wounded.
You feel sick. The scorpion stings you.
* * * LOW HITPOINT WARNING * * *
You barely miss the scorpion. Your bite misses the scorpion.
The scorpion is moderately wounded.
You feel sick. The scorpion closely misses you.
You hit the scorpion.
The scorpion is moderately wounded.
The scorpion stings you!
* * * LOW HITPOINT WARNING * * *
You hit the scorpion but do no damage. Your bite misses the scorpion.
The scorpion is moderately wounded.
You feel sick.
The scorpion stings you but does no damage.
Unknown command.
Unknown command.
You feel yourself speed up.
You feel sick.
The scorpion stings you but does no damage.
You closely miss the scorpion.
You bite the scorpion, but do no damage.
The scorpion is moderately wounded.
You feel sick.
You are no longer poisoned.
The scorpion stings you.
You die...

#....######.# .#..
... ...####..... .
#.#.......... ...
#.#.###.......
.....#.............o
.....................
.....###s##.......
...g# #@##....... ...
###...†...... ...
##.........#.
...##..###.###.#
.....# #.# .
###..###'###....
#....'_###...)
#..###+###.#.# ##.#
.#


You could see a scorpion.

Vanquished Creatures
  A scorpion (D:5)
  2 hounds
  A giant cockroach (D:4)
  A kobold (D:4)
5 creatures vanquished.

Notes
Turn   | Place    | Note
-------+----------+-------------------------------------------
     0 | D:5      | Reached skill level 9 in Stealth
     0 | D:5      | MisterFreud the Gnoll Delver began the quest for the Orb.
     0 | D:5      | Reached XP level 1. HP: 23/23 MP: 1/1
     4 | Temple   | Entered the Ecumenical Temple
   223 | Temple   | Became a worshipper of Ru the Awakened
   265 | D:4      | Noticed a hound
   302 | D:5      | Noticed an iguana
   338 | D:5      | Noticed a hound
   345 | D:5      | Killed a hound
   346 | D:5      | Reached XP level 2. HP: 29/29 MP: 2/2
   346 | D:5      | Reached XP level 3. HP: 35/35 MP: 3/3
   363 | D:5      | Noticed a scorpion
   382 | D:5      | HP: 1/35 [scorpion (6)]
   383 | D:5      | Killed a scorpion
   384 | D:5      | Reached skill level 1 in Long Blades
   384 | D:5      | Reached skill level 1 in Axes
   384 | D:5      | Reached skill level 1 in Maces & Flails
   384 | D:5      | Reached skill level 1 in Polearms
   384 | D:5      | Reached skill level 1 in Staves
   384 | D:5      | Reached skill level 1 in Slings
   384 | D:5      | Reached skill level 1 in Bows
   384 | D:5      | Reached skill level 1 in Crossbows
   384 | D:5      | Reached skill level 1 in Throwing
   384 | D:5      | Reached skill level 1 in Armour
   384 | D:5      | Reached skill level 1 in Shields
   384 | D:5      | Reached skill level 1 in Unarmed Combat
   384 | D:5      | Reached skill level 1 in Spellcasting
   384 | D:5      | Reached skill level 1 in Invocations
   384 | D:5      | Reached skill level 1 in Evocations
   384 | D:5      | Reached XP level 4. HP: 1/41 MP: 3/5
   710 | D:4      | Reached skill level 1 in Conjurations
   710 | D:4      | Reached skill level 1 in Hexes
   710 | D:4      | Reached skill level 1 in Summonings
   710 | D:4      | Reached skill level 1 in Necromancy
   710 | D:4      | Reached skill level 1 in Translocations
   710 | D:4      | Reached skill level 1 in Transmutations
   710 | D:4      | Reached skill level 1 in Fire Magic
   710 | D:4      | Reached skill level 1 in Ice Magic
   710 | D:4      | Reached skill level 1 in Air Magic
   710 | D:4      | Reached skill level 1 in Earth Magic
   710 | D:4      | Reached skill level 1 in Poison Magic
   710 | D:4      | Reached XP level 5. HP: 37/47 MP: 6/6
   799 | D:4      | Found an ancient bone altar of Kikubaaqudgha.
   831 | D:4      | Slain by a scorpion

Illustrated notes

Levels and vault maps discovered:
D:4:      layout_loops_ring, lemuel_doored_altar
D:5:      layout_rooms, minmay_temple_entry_proselytizer, portal_sewer_entry_f,
          uniq_duvessa
D:6:      layout_loops_ring, serial_shops, shop_fountains,
          minmay_misc_feat_roman
Temple:   mainiacjoe_temple_bowtie_tessellation

Skill      XL: |  1  2  3  4 |
---------------+-------------+-----
Stealth        | |  9.6
Long Blades    | 1 |  1.3
Axes           | 1 |  1.3
Maces & Flails | 1 |  1.3
Polearms       | 1 |  1.3
Staves         | 1 |  1.3
Slings         | 1 |  1.3
Bows           | 1 |  1.3
Crossbows      | 1 |  1.3
Throwing       | 1 |  1.3
Armour         | 1 |  1.3
Shields        | 1 |  1.3
Unarmed Combat | 1 |  1.3
Spellcasting   | 1 |  1.3
Invocations    | 1 |  1.4
Evocations     | 1 |  1.3
Conjurations   | 1 |  1.0
Hexes          | 1 |  1.0
Summonings     | 1 |  1.0
Necromancy     | 1 |  1.0
Translocations | 1 |  1.0
Transmutations | 1 |  1.0
Fire Magic     | 1 |  1.0
Ice Magic      | 1 |  1.0
Air Magic      | 1 |  1.0
Earth Magic    | 1 |  1.0
Poison Magic   | 1 |  1.0
Fighting       | |  6.6
Short Blades   | |  4.7
Dodging        | |  4.7

Action                   |  1- 3 |  4- 6 || total
-------------------------+-------+-------++-------
Melee: Short sword       |    15 |    34 ||    49
       Bite              |     3 |     4 ||     7
       Punch             |       |     1 ||     1
  Use: Potion            |     1 |     1 ||     2
 Stab: Sleeping          |     1 |     1 ||     2
Armor: Leather armour    |     3 |    12 ||    15
Dodge: Dodged            |     6 |    18 ||    24
